 Dungeon Crawl Stone Soup version 0.28.0 (webtiles) character file.

Game seed: 6018127461991397421

125208 Hasart the Basher (level 15, -2/128 HPs)
             Began as a Demigod Fighter on Feb 10, 2022.
             Killed from afar by a deep elf knight (17 damage)
             ... with a shard of ice
             ... on level 1 of the Elven Halls.
             The game lasted 01:12:00 (38986 turns).

Hasart the Basher (Demigod Fighter)                Turns: 38986, Time: 01:12:02

Health: -2/128     AC: 24    Str: 31    XL:     15   Next: 94%
Magic:  24/26      EV: 16    Int: 16    God:
Gold:   2057       SH: 13    Dex: 18    Spells: 22/24 levels left

rFire   + . .      SeeInvis +   v - +4 eveningstar (flame)
rCold   + . .      Faith    .   O - +1 kite shield {rC+}
rNeg    . . .      Spirit   .   j - +0 swamp dragon scales
rPois   +          Reflect  .   Y - +1 hat {Will+}
rElec   .          Harm     .   w - +2 cloak {rF+}
rCorr   .          Rampage  .   l - +1 pair of gloves {Dex+3}
Will    +++..                   V - +1 pair of boots {Fly}
Stlth   ++........              n - amulet of the acrobat
HPRegen 0.00/turn               k - ring of Altruism {AC+4 Str+4 Int+2 Dex-4 Stlth+}
MPRegen 0.20/turn               N - ring of see invisible

@: wereblooded, flying, inhibited regen, studying Armour
A: high MP 1, forlorn, divine attributes, clumsy 1, strong-willed 1, inhibited
regeneration, strong 1, wild magic 1
a: no special abilities


You were on level 1 of the Elven Halls.
You visited 4 branches of the dungeon, and saw 24 of its levels.
You also visited: Gauntlet, Ice Cave and Volcano.

You collected 2742 gold pieces.
You spent 685 gold pieces at shops.

Inventory:

Hand Weapons
 a - a +2 flail of electrocution
 v - a +4 eveningstar of flaming (weapon)
 X - a +2 demon trident of venom
Missiles
 b - 11 boomerangs (quivered)
 g - 19 javelins
 P - 5 curare-tipped darts
Armour
 j - +0 swamp dragon scales (worn)
 l - a +1 pair of gloves of dexterity (worn)
 o - a +1 plate armour of cold resistance
 w - a +2 cloak of fire resistance (worn)
 O - a +1 kite shield of cold resistance (worn)
 Q - the +4 ring mail of an ossuary {rElec Stlth+}
   (You found it on level 3 of the Lair of Beasts)

   rElec:     It insulates you from electricity.
   Stlth:     It makes you more stealthy.
 U - the +2 helmet of Fortitude {+Inv rPois Will- Str+4}
   (You found it in a Gauntlet)

   Str:       It affects your strength (+4).
   rPois:     It protects you from poison.
   +Inv:      It lets you turn invisible.
   Will:      It decreases your willpower.
 V - a +1 pair of boots of flying (worn)
 Y - a +1 hat of willpower (worn)
Jewellery
 e - a ring of willpower
 f - a +4 ring of protection
 k - the ring of Altruism (left hand) {AC+4 Str+4 Int+2 Dex-4 Stlth+}
   (You found it on level 2 of the Dungeon)

   [ring of protection]

   AC:        It affects your AC (+4).
   Str:       It affects your strength (+4).
   Int:       It affects your intelligence (+2).
   Dex:       It affects your dexterity (-4).
   Stlth:     It makes you more stealthy.
 n - an amulet of the acrobat (around neck)
 q - a ring of resist corrosion
 r - a ring of protection from cold
 y - a ring of fire
 L - the ring of Ximoqeph {rN+ Dex+2}
   (You found it on level 6 of the Lair of Beasts)

   [ring of positive energy]

   Dex:       It affects your dexterity (+2).
   rN:        It protects you from negative energy.
 N - a ring of see invisible (right hand)
Wands
 u - a wand of iceblast (9)
 I - a wand of digging (1)
 J - a wand of flame (3)
 M - a wand of acid (5)
 S - a wand of paralysis (3)
 T - a wand of mindburst (7)
Scrolls
 c - 2 scrolls of fear
 s - a scroll of enchant armour
 t - a scroll of blinking
 x - 9 scrolls of identify
 A - 13 scrolls of teleportation
 H - 2 scrolls of magic mapping
 K - a scroll of silence
 R - 4 scrolls of amnesia
 W - a scroll of fog
Potions
 d - 2 potions of might
 h - 3 potions of flight
 m - 4 potions of berserk rage
 p - 3 potions of cancellation
 z - 8 potions of curing
 B - a potion of heal wounds
 C - 4 potions of brilliance
 D - a potion of ambrosia
 E - 5 potions of haste
 F - a potion of lignification
 G - 3 potions of resistance
Miscellaneous
 i - a tin of tremorstones (2/2)
 Z - a condenser vane


   Skills:
 + Level 10.5 Fighting
 - Level 5.6 Short Blades
 * Level 13.1 Maces & Flails
 + Level 6.2 Throwing
 + Level 11.1 Armour
 + Level 10.0 Dodging
 + Level 10.6 Shields
 - Level 5.0 Spellcasting
 + Level 5.6 Transmutations
 + Level 9.3 Evocations


You had 22 spell levels left.
You knew the following spells:

 Your Spells              Type           Power      Damage    Failure   Level
a - Wereblood             Tmut           28%        N/A       10%         2

Your spell library contained the following spells:

 Spells                   Type           Power      Damage    Failure   Level
 Spider Form              Tmut/Pois      17%        N/A       47%         3
 Animate Skeleton         Necr           10%        N/A       50%         1
 Apportation              Tloc           10%        N/A       50%         1
 Freeze                   Ice            20%        1d4       50%         1
 Pain                     Necr           20%        1d5       50%         1
 Shock                    Conj/Air       20%        1d4       50%         1
 Ignite Poison            Fire/Tmut/Pois 13%        N/A       61%         3
 Call Imp                 Summ           5%         N/A       63%         2
 Ensorcelled Hibernation  Hex/Ice        10%        N/A       63%         2
 Sublimation of Blood     Necr           5%         N/A       63%         2
 Confusing Touch          Hex            5%         N/A       85%         3
 Conjure Flame            Conj/Fire      5%         6-21      85%         3
 Dazzling Flash           Conj/Hex       10%        N/A       85%         3
 Frozen Ramparts          Ice            10%        1d3       85%         3
 Mephitic Cloud           Conj/Pois/Air  5%         N/A       85%         3
 Swiftness                Air            5%         N/A       85%         3
 Tukima's Dance           Hex            5%         N/A       85%         3
 Vampiric Draining        Necr           5%         2d6       85%         3
 Petrify                  Tmut/Erth      17%        N/A       86%         4
 Airstrike                Air            2%         N/A       99%         4
 Anguish                  Hex/Necr       2%         N/A       99%         4
 Animate Armour           Summ/Erth      10%        N/A       99%         4
 Animate Dead             Necr           2%         N/A       99%         4
 Fulminant Prism          Conj/Hex       2%         3d6       99%         4
 Hailstorm                Conj/Ice       5%         3d4       99%         4
 Iskenderun's Mystic Bla  Conj/Tloc      5%         2d3       99%         4
 Summon Lightning Spire   Summ/Air       5%         N/A       99%         4
 Alistair's Intoxication  Tmut/Pois      11%        N/A       99%         5
 Irradiate                Conj/Tmut      8%         3d16      99%         5
 Yara's Violent Unravell  Hex/Tmut       8%         3d5       99%         5
 Borgnjor's Vile Clutch   Necr/Erth      2%         N/A       100%        5
 Freezing Cloud           Conj/Ice/Air   2%         6-21      100%        5
 Lee's Rapid Deconstruct  Erth           2%         3d6*      100%        5
 Summon Forest            Summ/Tloc      2%         N/A       100%        5
 Summon Mana Viper        Hex/Summ       5%         N/A       100%        5
 Conjure Ball Lightning   Conj/Air       2%         3x3d6     100%        6
 Death Channel            Necr           2%         N/A       100%        6
 Eringya's Noxious Bog    Tmut/Pois      8%         N/A       100%        6
 Summon Cactus Giant      Summ           2%         N/A       100%        6
 Enfeeble                 Hex            2%         N/A       100%        7
 Malign Gateway           Summ/Tloc      2%         N/A       100%        7
 Storm Form               Tmut/Air       8%         N/A       100%        7
 Summon Hydra             Summ           2%         N/A       100%        7
 Discord                  Hex            2%         N/A       100%        8
 Disjunction              Tloc           2%         N/A       100%        8
 Maxwell's Capacitive Co  Air            2%         ∞         100%        8
 Summon Horrible Things   Summ           2%         N/A       100%        8


Dungeon Overview and Level Annotations

Branches:
Dungeon (15/15)            Temple (0/1) D:5            Lair (6/6) D:11
 Shoals (0/4) Lair:4        Snake (0/4) Lair:4        Slime (0/5) Lair:5
    Orc (2/2) D:12            Elf (1/3) Orc:2        Vaults (0/5) D:14
 Depths (0/4) D:15          IceCv (visited)         Volcano (visited)
Gauntlet (visited)

Shops:
D:4 *   D:8 *   D:12 !?   Orc:2 (*:[

Annotations:
D:8 1 runed translucent door
D:11 Harold
D:15 3 runed translucent doors, Giaff's ghost, journeyman DsGl
Lair:2 2 transporters, Cato's ghost, journeyman DECj


Innate Abilities, Weirdness & Mutations

You have an increased reservoir of magic. (+10% MP)
You shall have no god before yourself.
Your divine heritage dramatically boosts your attributes as you level up.
You are clumsy. (Dex -2)
You are strong-willed. (Will+)
You do not regenerate when monsters are visible.
Your muscles are strong. (Str +2)
Your spells are a little harder to cast, but a little more powerful.


Message History

The bolt of acid hits the deep elf knight!
The acid corrodes the deep elf knight!
The deep elf knight is heavily wounded.
The bolt of acid hits the deep elf knight!!
The acid corrodes the deep elf knight!
The deep elf knight is almost dead.
Your primal bloodlust has ended.
The deep elf knight casts a spell at you.
The lance of force hits you!
* * * LOW HITPOINT WARNING * * *
You are knocked back by the lance of force.
Unknown command.
Unknown command.
You feel much better.
The deep elf knight shouts!
The deep elf knight hits you with a +0 vorpal long sword.
* * * LOW HITPOINT WARNING * * *
x2 Unknown command.
Casting: Wereblood (safe; 10% risk of failure)
Confirm with . or Enter, or press ? or * to list all spells.
Your blood is infused with primal strength.
The deep elf knight mumbles some strange words.
The deep elf knight flickers and vanishes for a moment.
Unknown command.
You barely miss the deep elf knight.
The deep elf knight is almost dead.
You block the deep elf knight's attack. x2
The deep elf knight blocks your attack.
The deep elf knight is almost dead.
The deep elf knight points at you and mumbles some strange words.
You block the shard of ice. You block the deep elf knight's attack.
The deep elf knight hits you but does no damage.
You miss the deep elf knight.
The deep elf knight is almost dead.
The deep elf knight is no longer covered in acid.
The deep elf knight hits you with a +0 vorpal long sword.
* * * LOW HITPOINT WARNING * * *
x2 The deep elf knight gestures at you while chanting.
The shard of ice hits you! You partially resist.
You die...

.###........## ##.#####.### .# ##
##..###.#.## ##e####.....###..
.###...# #.#..###..##.........#.#
#.#.#..###.#.#...#e##.........#.#
##..............##.##.........###
####.##.#.#.##.##.##.........##.
#.##.#.#.##.##)##.........##.
#####......#....ee.####.....#..#.
.......#.#####..@### ###.#.#..'.
####..#..####)....## ###.##.#.
#..#####..#......[## ##.#.####.
#.## ##..........####....####.
#.# #..[.......+..........## #.##
##..........####....#####
#..#####..#.......## ##.#..# #
###..#..####.....## ##.###.##
###.#####.....## ##.## ##.##


You could see 2 deep elf knights.

Vanquished Creatures
  2 Ice Fiends (IceCv)
  Kirke (Lair:6)
  A very ugly thing (IceCv)
  An ironbound preserver (D:14)
  3 dire elephants (Lair:6)
  A minotaur (Gauntlet)
  2 fire dragons (D:15)
  Snorg (D:11)
  A boulder beetle (D:14)
  An ogre mage (D:15)
  8 two-headed ogres
  A caustic shrike simulacrum (IceCv)
  8 hydras
  2 death knights
  9 centaur warriors
  3 tengu warriors
  8 death yaks
  5 orc high priests
  Urug (Orc:1)
  3 deep elf knights (Elf:1)
  Sonja (Orc:2)
  Nergalle (D:11)
  A hell knight (Volcano)
  A sun demon (Volcano)
  2 skeletal warriors (D:12)
  A spectral anaconda (Lair:6)
  A bog body (IceCv)
  A wizard (D:15)
  A deep elf archer (Elf:1)
  3 obsidian statues
  A phantasmal warrior (D:12)
  4 necromancers (Lair:6)
  Pikel (D:5)
  4 orc knights
  9 deep elf pyromancers
  5 orc sorcerers
  12 ugly things
  A deep elf zephyrmancer (Elf:1)
  6 cyclopes
  3 manticores
  A mana viper (shapeshifter) (D:14)
  3 black mambas (Lair:5)
  2 centaur zombies (D:10)
  Maurice (D:11)
  19 elephants
  A molten gargoyle (Volcano)
  A gargoyle (D:14)
  An ice statue (D:14)
  A torpor snail (Lair:6)
  15 cane toads
  A dire elephant skeleton (Lair:6)
  An unseen horror (shapeshifter) (Gauntlet)
  An unseen horror (D:11)
  Maggie (D:7)
  An efreet (D:15)
  6 freezing wraiths (IceCv)
  A komodo dragon (shapeshifter) (Gauntlet)
  An ice devil (IceCv)
  4 yaktaurs (D:14)
  2 kobold demonologists (D:9)
  2 rime drakes (Lair:6)
  9 komodo dragons
  A golden dragon simulacrum (IceCv)
  A polar bear (shapeshifter) (D:13)
  2 wind drakes (shapeshifter)
  5 trolls
  3 polar bears
  15 blink frogs
  A tyrant leech (Gauntlet)
  4 slime creatures (D:14)
  A jumping spider (shapeshifter) (D:13)
  2 shadows
  A dire elephant simulacrum (IceCv)
  61 yaks
  12 spriggans
  6 fire bats (Volcano)
  Grum (D:11)
  7 wyverns
  8 wraiths
  2 basilisks
  A minotaur simulacrum (IceCv)
  A chaos spawn (Gauntlet)
  A warg (shapeshifter) (Gauntlet)
  2 steam dragons (D:9)
  A death yak simulacrum (Lair:6)
  19 vampire mosquitoes
  2 wargs (D:11)
  2 nagas (Lair:4)
  2 swamp worms (Gauntlet)
  Duvessa (D:6)
  A hell hound (Volcano)
  17 water moccasins
  4 hydra simulacra (IceCv)
  2 sky beasts (D:5)
  16 orc warriors
  An elephant zombie (Lair:6)
  4 ettin simulacra (IceCv)
  An ice beast (D:7)
  A hornet zombie (D:9)
  2 black bears
  5 ogres
  2 elephant skeletons (Lair:6)
  35 wolves
  12 centaurs
  A kobold brigand (D:8)
  11 bullfrogs
  Blork the orc (D:6)
  3 gnoll sergeants
  6 scorpions
  A water moccasin zombie (D:7)
  A cane toad simulacrum (Lair:6)
  Dowan (D:6)
  A water moccasin skeleton (D:4)
  37 killer bees
  A lindwurm simulacrum (IceCv)
  An elephant simulacrum (Lair:6)
  4 wights (D:8)
  A howler monkey (D:12)
  2 electric eels (Lair:1)
  4 crimson imps (D:4)
  6 lava snakes (Volcano)
  A hound (D:6)
  2 jellies
  15 orc priests
  2 bullfrog skeletons (D:6)
  4 iguanas
  23 orc wizards
  5 hell rats (Lair:5)
  21 gnolls
  A howler monkey skeleton (D:6)
  8 adders
  6 white imps
  An ufetubus (D:5)
  A worm (D:4)
  4 dart slugs
  84 orcs
  11 ball pythons
  3 bats
  7 endoplasms
  6 giant cockroaches
  4 goblins
  6 hobgoblins
  7 jackals (D:1)
  7 kobolds
  3 quokkas
  2 frilled lizards
  8 rats
  A butterfly (D:8)
789 creatures vanquished.

Vanquished Creatures (collateral kills)
  A bush (Lair:3)
1 creature vanquished.

Vanquished Creatures (others)
  A human (Lair:6)
  An orc (D:14)
  2 demonic plants (Gauntlet)
  31 fungi
  50 plants
  26 withered plants (Lair:6)
111 creatures vanquished.

Grand Total: 901 creatures vanquished

Notes
Turn   | Place    | Note
-------+----------+-------------------------------------------
     0 | D:1      | Hasart the Demigod Fighter began the quest for the Orb.
     0 | D:1      | Reached XP level 1. HP: 18/18 MP: 3/3
   208 | D:1      | Reached skill level 2 in Maces & Flails
   460 | D:1      | Reached XP level 2. HP: 25/25 MP: 4/4
  1017 | D:1      | Reached XP level 3. HP: 30/30 MP: 5/5
  1367 | D:2      | Identified the ring of Altruism {AC+4 Str+4 Int+2 Dex-4
                  | Stlth+}
  1638 | D:2      | Reached skill level 1 in Dodging
  2294 | D:3      | Reached XP level 4. HP: 33/38 MP: 6/6
  2957 | D:4      | Found Mirphumes's Fire Supplies.
  3030 | D:4      | Reached skill level 1 in Short Blades
  3092 | D:4      | Bought a +2 cloak of fire resistance for 215 gold pieces
  3225 | D:4      | Reached XP level 5. HP: 45/45 MP: 7/7
  3305 | D:4      | Reached XP level 6. HP: 51/51 MP: 8/8
  3963 | D:5      | Entered Level 5 of the Dungeon
  3966 | D:5      | Noticed Pikel
  3990 | D:5      | Killed Pikel
  3991 | D:5      | Reached XP level 7. HP: 57/59 MP: 9/9
  4108 | D:5      | Found a staircase to the Ecumenical Temple.
  4254 | D:5      | Reached XP level 8. HP: 49/67 MP: 10/10
  4952 | D:6      | Reached skill level 5 in Short Blades
  5024 | D:6      | Reached skill level 1 in Evocations
  5155 | D:6      | Noticed Duvessa
  5177 | D:6      | Killed Duvessa
  5179 | D:6      | Noticed Dowan
  5295 | D:6      | Killed Dowan
  5405 | D:6      | Noticed Blork the orc
  5419 | D:6      | Killed Blork the orc
  5420 | D:6      | Reached skill level 5 in Armour
  5470 | D:6      | Reached skill level 5 in Shields
  5997 | D:7      | Reached skill level 3 in Maces & Flails
  6006 | D:7      | Reached skill level 5 in Fighting
  6182 | D:7      | Reached XP level 9. HP: 57/74 MP: 11/11
  6341 | D:7      | Noticed Maggie
  6359 | D:7      | Killed Maggie
  6909 | D:8      | Reached skill level 4 in Maces & Flails
  7247 | D:8      | Found Usoerchi's Overcharged Wands.
  7257 | D:8      | Identified the +5 dagger of Luvich {freeze, Stlth+}
  7410 | D:8      | Reached skill level 5 in Maces & Flails
  7410 | D:8      | Reached skill level 5 in Dodging
  7788 | D:8      | Noticed a two-headed ogre
  7802 | D:8      | Killed a two-headed ogre
  7803 | D:8      | Reached XP level 10. HP: 72/83 MP: 13/13
  8015 | D:8      | Found a runed translucent door.
  8017 | D:8      | Found a runed translucent door.
  8046 | D:8      | Reached skill level 6 in Maces & Flails
  8330 | D:9      | Gained mutation: You are weak. (Str -2) [a neqoxec]
  8331 | D:9      | Gained mutation: You are very weak. (Str -4) [a neqoxec]
  8333 | D:9      | Lost mutation: You are very weak. (Str -4) [potion of
                  | mutation]
  8333 | D:9      | Lost mutation: You are weak. (Str -2) [potion of mutation]
  8333 | D:9      | Gained mutation: You sometimes lose the ability to read
                  | scrolls when taking damage. [potion of mutation]
  8333 | D:9      | Gained mutation: You are clumsy. (Dex -2) [potion of
                  | mutation]
  8333 | D:9      | Gained mutation: Your movements are slightly less
                  | encumbered by armour. (ER -2) [potion of mutation]
  8636 | D:9      | Noticed a rust devil
  8665 | D:10     | Entered Level 10 of the Dungeon
  8701 | D:9      | Noticed a rust devil
  9211 | D:10     | Noticed a two-headed ogre
  9220 | D:10     | Killed a two-headed ogre
  9654 | D:10     | Reached skill level 7 in Maces & Flails
 10137 | D:10     | Reached XP level 11. HP: 69/91 MP: 14/14
 10746 | D:11     | Noticed Snorg
 10761 | D:11     | Killed Snorg
 10762 | D:11     | Reached skill level 5 in Evocations
 10848 | D:11     | Found a staircase to the Lair.
 11399 | D:11     | Noticed Harold
 11639 | D:11     | Noticed Maurice
 11642 | D:11     | Killed Maurice
 11678 | D:11     | Noticed Nergalle
 11953 | D:11     | Killed Nergalle
 12013 | D:11     | Noticed Grum
 12017 | D:11     | Reached skill level 8 in Maces & Flails
 12032 | D:11     | Killed Grum
 12516 | D:11     | You fall into a shaft and drop 2 floors!
 12538 | D:12     | Noticed a two-headed ogre
 12553 | D:12     | Killed a two-headed ogre
 12990 | D:12     | Found Nuuhog's Magic Scroll Shop.
 13050 | D:12     | Noticed a two-headed ogre
 13088 | D:12     | Killed a two-headed ogre
 13155 | D:12     | Found Weguilio's Distillery.
 13328 | D:12     | Noticed a death knight
 14171 | D:12     | Noticed a deep elf pyromancer
 14186 | D:12     | Killed a deep elf pyromancer
 14187 | D:12     | Reached XP level 12. HP: 59/101 MP: 15/15
 14629 | D:12     | Found a staircase to the Orcish Mines.
 14687 | Orc:1    | Entered Level 1 of the Orcish Mines
 15241 | Orc:2    | Entered Level 2 of the Orcish Mines
 15242 | Orc:2    | Found a staircase to the Elven Halls.
 15344 | Orc:2    | Noticed Sonja
 15358 | Orc:2    | Killed Sonja
 15359 | Orc:2    | Reached skill level 9 in Maces & Flails
 15438 | Orc:2    | Found Ucyjup's Weapon Shoppe.
 15735 | Orc:2    | Noticed Urug
 16419 | Orc:1    | Killed Urug
 18234 | Orc:2    | Found Tomuowk's Book Shop.
 18241 | Orc:2    | Found Jetyx's Armour Shop.
 18243 | Orc:2    | Found Guchaff's General Store.
 18249 | Orc:2    | Bought a +1 pair of gloves of dexterity for 198 gold pieces
 18509 | Lair:1   | Entered Level 1 of the Lair of Beasts
 19093 | Lair:1   | Reached skill level 10 in Maces & Flails
 19673 | Lair:2   | Found a transporter.
 19677 | Lair:2   | Noticed a rakshasa
 19834 | Lair:2   | Found a transporter.
 19841 | Lair:2   | Found the +8 demon trident "Rift" {distort, reach+}
 20051 | Lair:2   | Reached skill level 1 in Throwing
 20106 | Lair:2   | Noticed Cato's ghost (journeyman DECj)
 20522 | Lair:3   | Found a gate leading to a gauntlet.
 20535 | Gauntlet | Entered a Gauntlet
 20535 | Gauntlet | Found a transporter.
 20546 | Gauntlet | Found a transporter.
 20547 | Gauntlet | Found a transporter.
 20555 | Gauntlet | Found a transporter.
 20558 | Gauntlet | Found a transporter.
 20559 | Gauntlet | Found a transporter.
 20570 | Gauntlet | Found a transporter.
 20570 | Gauntlet | Found a transporter.
 20571 | Gauntlet | Found a transporter.
 20580 | Gauntlet | Found a transporter.
 20582 | Gauntlet | Found a transporter.
 20583 | Gauntlet | Found a transporter.
 20591 | Gauntlet | Found a transporter.
 20652 | Gauntlet | Found a transporter.
 20803 | Gauntlet | Identified the +2 helmet of Fortitude {+Inv rPois Will-
                  | Str+4}
 20845 | Gauntlet | Noticed a minotaur
 20858 | Gauntlet | Killed a minotaur
 20865 | Gauntlet | Got the Papyrus of the Fiery Compass
 20875 | Gauntlet | Identified the +2 robe "Dywn" {*Corrode rN++ Regen+ Int+2
                  | Dex+4}
 21269 | Lair:2   | Reached XP level 13. HP: 94/108 MP: 16/16
 22040 | Lair:3   | Learned a level 2 spell: Wereblood
 22564 | Lair:3   | Identified the +4 ring mail of an ossuary {rElec Stlth+}
 22611 | Lair:3   | Reached skill level 1 in Spellcasting
 23158 | Lair:3   | Reached skill level 1 in Transmutations
 23643 | Lair:4   | Found a staircase to the Snake Pit.
 23884 | Lair:4   | Found a dark tunnel.
 23893 | Volcano  | Entered a volcano
 24478 | Volcano  | Reached skill level 11 in Maces & Flails
 25036 | Lair:4   | Found a staircase to the Shoals.
 25293 | Lair:4   | Reached XP level 14. HP: 57/118 MP: 21/21
 27005 | Lair:5   | Found a staircase to the Slime Pits.
 27472 | Lair:6   | Entered Level 6 of the Lair of Beasts
 28225 | Lair:6   | Noticed Kirke
 28253 | Lair:6   | Killed Kirke
 28862 | Lair:6   | Identified the +0 chain mail of the Griffon {rElec rC-
                  | Slay+2}
 29901 | Lair:6   | Got the Volume of the End
 30156 | Lair:6   | Reached skill level 12 in Maces & Flails
 30249 | Lair:6   | Identified the ring of Ximoqeph {rN+ Dex+2}
 30664 | Lair:6   | Got Sif Muna's Easy Spellcraft
 31754 | D:12     | Reached skill level 10 in Armour
 32187 | D:13     | Reached skill level 5 in Throwing
 32859 | D:14     | Reached skill level 10 in Shields
 32923 | D:14     | Reached XP level 15. HP: 45/126 MP: 25/25
 33039 | D:14     | Found a runed translucent door.
 33055 | D:14     | Found a frozen archway.
 33257 | IceCv    | Entered an ice cave
 33395 | IceCv    | Reached skill level 10 in Fighting
 33843 | IceCv    | Identified a scroll of acquirement
 33843 | IceCv    | Acquired a manual of Armour
 34128 | IceCv    | Noticed an Ice Fiend
 34128 | IceCv    | Noticed an Ice Fiend
 34147 | IceCv    | Killed an Ice Fiend
 34153 | IceCv    | Killed an Ice Fiend
 34494 | IceCv    | Acquired a +1 eveningstar of venom
 35322 | D:14     | Found a gate to the Vaults.
 35606 | D:14     | Reached skill level 5 in Transmutations
 36708 | D:12     | Bought a potion of curing for 51 gold pieces
 36708 | D:12     | Bought a potion of curing for 51 gold pieces
 36708 | D:12     | Bought 2 potions of heal wounds for 170 gold pieces
 36786 | D:15     | Entered Level 15 of the Dungeon
 37363 | D:15     | Lost mutation: Your movements are slightly less encumbered
                  | by armour. (ER -2) [potion of mutation]
 37363 | D:15     | Lost mutation: You sometimes lose the ability to read
                  | scrolls when taking damage. [potion of mutation]
 37363 | D:15     | Gained mutation: You do not regenerate when monsters are
                  | visible. [potion of mutation]
 37363 | D:15     | Gained mutation: Your spells are a little harder to cast,
                  | but a little more powerful. [potion of mutation]
 37363 | D:15     | Gained mutation: You are strong-willed. (Will+) [potion of
                  | mutation]
 37363 | D:15     | Gained mutation: Your muscles are strong. (Str +2) [potion
                  | of mutation]
 37434 | D:15     | Found a runed translucent gate.
 37454 | D:15     | Found a runed translucent gate.
 37456 | D:15     | Found a runed translucent gate.
 37456 | D:15     | Noticed Giaff's ghost (journeyman DsGl)
 37458 | D:15     | Identified the ring of Conversion {rF+ Slay+4 SInv}
 37520 | D:15     | Reached skill level 13 in Maces & Flails
 37859 | D:15     | Reached skill level 5 in Spellcasting
 38038 | D:15     | Found a staircase to the Depths.
 38289 | Elf:1    | Entered Level 1 of the Elven Halls
 38299 | Elf:1    | Reached skill level 10 in Dodging
 38986 | Elf:1    | Killed from afar by a deep elf knight

Illustrated notes

Levels and vault maps discovered:
D:1:      dpeg_arrival_snail, layout_basic,
          hellmonk_ecumenical_altar_defaced_shrine, minmay_hexomino_f4
D:2:      layout_rooms, chequers_serial_rivers_large_b,
          minmay_misc_feat_enclosed
D:3:      layout_basic, old_standard_altar, nicolae_overflow_squiral
D:4:      layout_cave_pods, led_xom_imps, mainiacjoe_overflow_paths,
          mainiacjoe_overflow_alcove_1, lemuel_round_altar,
          nicolae_shop_fire_sale [nicolae_sub_dead_trees]
D:5:      layout_loops_cross, mainiacjoe_overflow_tiny_flanked,
          minmay_temple_entry_proselytizer, kennysheep_generic_room_15,
          uniq_pikel
D:6:      layout_rooms, uniq_duvessa, uniq_blork_the_orc
D:7:      layout_basic, mainiacjoe_overflow_small_starburst,
          nicolae_overflow_crystal_walls, uniq_maggie
D:8:      lemuel_insect_pit, layout_loops_ring, serial_glass, glass_columns_a,
          glass_columns_a, glass_columns_a, glass_columns_c,
          nicolae_shop_overcharged_wands
D:9:      layout_cave_pools, nicolae_dithmenos_shadow_blocks,
          lemuel_old_faithful
D:10:     layout_loops_ring, nicolae_wwwww, minmay_orc_keep
D:11:     layout_stronghold, erik_lair_orcish_takeover, serial_column_ruins,
          column_ruins_temple_hall, column_ruins_columns_T, column_ruins_grid_4,
          column_ruins_open_medium, column_ruins_open_tiny,
          column_ruins_columns_corner, uniq_harold, uniq_maurice, uniq_snorg,
          uniq_nergalle, uniq_grum
D:12:     layout_long_grid, hiddenorc1_lemuel, serial_shops,
          nicolae_shop_competitors_out_of_business, nicolae_shop_behind_doors
D:13:     layout_loops_ring
D:14:     layout_loops_cross, skrybe_vaults_entry_preservation,
          minmay_misc_feat_alley, portal_ice_cave_entry_ice_statue_one,
          lightli_church_of_beogh
D:15:     grunt_enter_depths_hoard, layout_loops_ring,
          maelrawn_ghost_gauntlet_escape, minmay_misc_feat_nine_boxes
Lair:1:   layout_layer_cave, nicolae_lair_grove_arrangements,
          nicolae_quartered_pool_super, lemuel_fruit_fields,
          serial_bayou_shore_a
Lair:2:   layout_roguey, gammafunk_ghost_abyssal_escape, lemuel_fruit_tree
Lair:3:   wad_woods_minihive, layout_layer_cave, special_room,
          gauntlet_entry_generic
Lair:4:   layout_regular_city, minmay_shoals_entry_centaurs,
          guppyfry_snake_entry_garden, nicolae_volcano_entry_hallway,
          chequers_serial_rivers_micro_e, grunt_forest_large_clearings,
          grunt_megastairs_5, infiniplex_staircase_pool_2
Lair:5:   layout_long_grid, slime_altar_1
Lair:6:   due_jungle_book, layout_big_grid, chequers_serial_rivers_micro_c,
          grunt_megastairs_3, infiniplex_staircase_pool, uniq_kirke
Orc:1:    layout_caves
Orc:2:    st_orc_elflike, layout_caves, basic_altar, uniq_urug, uniq_sonja
Elf:1:    nicolae_elf_arrival_fired_up, layout_loops_corners, serial_shops,
          nicolae_shop_bloodbath_and_beyond, orc_legates

Skill      XL: |  1  2  3  4  5  6  7  8  9 10 11 12 13 14 15 |
---------------+----------------------------------------------+-----
Maces & Flails | 2 3 5 7 8 10 11 12 13 | 13.1
Shields        | 3 4 5 6 7 8 9 10 | 10.6
Fighting       | 3 4 5 6 7 8 9 10 | 10.5
Armour         | 3 4 5 6 7 8 9 10 11 | 11.1
Dodging        | 1 2 3 4 5 6 7 8 9 10 | 10.0
Short Blades   | 1 2 4 5 |  5.6
Evocations     | 2 3 4 6 7 8 9 |  9.3
Throwing       | 1 3 5 6 |  6.2
Spellcasting   | 2 3 5 |  5.0
Transmutations | 2 4 5 |  5.6

Action                   |  1- 3 |  4- 6 |  7- 9 | 10-12 | 13-15 || total
-------------------------+-------+-------+-------+-------+-------++-------
Melee: Flail             |   124 |       |   247 |  1094 |  1870 ||  3335
       Dagger            |     7 |   113 |   198 |       |       ||   318
       Eveningstar       |       |       |       |       |   409 ||   409
Throw: Dart              |       |       |     3 |       |       ||     3
       Boomerang         |       |       |     4 |    28 |    27 ||    59
 Cast: Wereblood         |       |       |       |       |     3 ||     3
Evoke: Wand              |       |       |     2 |    19 |     5 ||    26
       Tin of tremorston |       |       |       |       |     3 ||     3
       Condenser vane    |       |       |       |       |     1 ||     1
  Use: Scroll            |     1 |       |    14 |     5 |    16 ||    36
       Potion            |       |       |     1 |     2 |     9 ||    12
 Stab: Sleeping          |     1 |       |     1 |     3 |     4 ||     9
       Distracted        |       |       |       |       |     4 ||     4
Armor: Scale mail        |    50 |       |       |       |       ||    50
       Plate armour      |     5 |    55 |   174 |       |       ||   234
       Swamp dragon scal |       |       |    64 |   600 |  1025 ||  1689
       Skin              |       |       |       |       |    44 ||    44
Dodge: Dodged            |    59 |    30 |   155 |   737 |  1538 ||  2519
Block: Buckler           |    32 |    21 |    74 |       |       ||   127
       Kite shield       |       |       |    26 |   781 |  1701 ||  2508
